Description

test

VOD

https://www.youtube.com/watch?v=2KNgJvbqs3M&list=PLFeZeom2b4DmMMcIHTg5qHgu70gVes1KF&index=2&t=59s

Build Order

Get SALT Encoding   

  14  0:20  Supply Depot  
  16  0:43  Barracks  
  16  0:46  Refinery  
  19  1:29  Supply Depot  
  19  1:31  Orbital Command  
  19  1:35  Marine  
  20  1:52  Factory  
  21  2:09  Command Center  
  22  2:13  Barracks Tech Lab  
  23  2:28  Bunker  
  24  2:42  Refinery  
  24  2:46  Siege Tank  
  31  3:38  Factory  
  31  3:41  Factory  
  33  3:57  Engineering Bay  
  34  4:00  Supply Depot  
  38  4:08  Siege Tank  
  40  4:23  Missile Turret x2  
  42  4:31  Armory  
  44  4:40  Factory Reactor x2  
  44  4:47  Command Center  
  46  4:56  Siege Tank  
  51  5:09  Supply Depot  
  53  5:14  Refinery x2  
  54  5:27  Hellion x4  
  63  5:31  Siege Tank  
  67  5:40  Supply Depot x5  
  70  6:10  Command Center  
  76  6:22  Thor  
  82  6:40  Hellion x2  
  86  6:59  Factory x3  
  102  7:12  Thor, Hellion x4  
  102  7:46  Factory Tech Lab x3  
Spawning Tool Build Advisor. Get it on Overwolf

Analysis

test

Go to:

Details

  • Created by: Estorz
  • Published on: Jun 08, 2019
  • Modified on: Jun 08, 2019
  • Patch: 4.7.1
Show
View Real Time Build Order
Export as new Build Order

Comments (0)

There are no comments. Be the first!

Create an account to comment!